 Dungeon Crawl Stone Soup version 0.30-a0-424-g7412bad402 (webtiles) character file.

Game seed: 1197207276498071016

2677 ytrimaz the Nimble (level 9, -8/58 HPs)
             Began as a Djinni Gladiator on Dec 9, 2022.
             Killed by divine providence
             ... invoked by an orc priest
              (11 damage)
             ... on level 7 of the Dungeon.
             The game lasted 00:13:15 (10245 turns).

ytrimaz the Nimble (Djinni Gladiator)              Turns: 10245, Time: 00:13:16

Health: -8/58      AC:  5    Str: 13    XL:     9   Next: 95%
Gold:   137        EV: 16    Int: 15    God:
                   SH:  0    Dex: 14

rFire   + + +      SeeInvis .    a - +1 long sword (freeze)
rCold   . . .      Faith    .    (no shield)
rNeg    . . .      Spirit   .    t - +2 robe {Will+}
rPois   ∞          Reflect  .    c - +0 helmet
rElec   .          Harm     .    (no cloak)
rCorr   .          Rampage  .    (no gloves)
Will    +....                    (boots unavailable)
Stlth   +.........               (no amulet)
HPRegen 0.29/turn                f - ring of protection from cold
MPRegen 0.00/turn                q - ring of protection from fire

@: flying
A: sickness immunity, fire resistance 2, cold vulnerability 1, float, innate
caster, HP casting, extra vitality 1
a: no special abilities


You were on level 7 of the Dungeon.
You visited 2 branches of the dungeon, and saw 8 of its levels.
You also visited: Bailey.

You collected 423 gold pieces.
You spent 286 gold pieces at shops.


Innate Abilities, Weirdness & Mutations

You are immune to sickness and miasma.
You are immune to poison.
Your flesh is very heat resistant. (rF++)
You are vulnerable to cold. (rC-)
You float through the air rather than walking.
You learn spells naturally, not from books.
Your magical power is your life essence.
You have superior vitality. (+4 MHP)


   Skills:
 - Level 2.0 Fighting
 + Level 9.3 Long Blades
 - Level 1.5 Throwing
 + Level 9.8 Dodging
 - Level 1.0 Spellcasting


You couldn't memorise any spells.
You knew the following spells:

 Your Spells              Type           Power      Damage    Failure   Level
a - Sting                 Tmut/Pois      12%        1d3       16%         1
b - Passwall              Tmut/Erth      2%         N/A       24%         2
c - Teleport Other        Tloc           3%         N/A       43%         3
d - Leda's Liquefaction   Hex/Erth       1%         N/A       85%         4
Your spell library was empty.

Inventory:

Hand Weapons
 a - a +1 long sword of freezing (weapon)
 p - a +1 falchion of draining
   (You found it on level 3 of the Dungeon)
Missiles
 d - 4 throwing nets
 e - 6 javelins
Armour
 c - a +0 helmet (worn)
 t - a +2 robe of willpower (worn)
   (You found it in a bailey)
Jewellery
 f - a ring of protection from cold (left hand)
   (You found it on level 1 of the Dungeon)
 n - a ring of ice
   (You found it on level 3 of the Dungeon)
 q - a ring of protection from fire (right hand)
   (You found it on level 4 of the Dungeon)
 u - a ring of protection from cold
   (You found it on level 5 of the Dungeon)
Wands
 x - a wand of light (5)
   (You found it on level 5 of the Dungeon)
Scrolls
 g - a scroll of magic mapping
 j - 2 scrolls of teleportation
Potions
 h - 2 potions of mutation
 i - a potion of attraction
 k - 2 potions of ambrosia
 m - a potion of flight {unknown}
 o - 4 potions of haste
 r - a potion of lignification
 s - 2 potions of curing
 v - a potion of resistance {unknown}
 w - 3 potions of heal wounds
 z - 2 potions of brilliance {unknown}
 A - a potion of berserk rage {unknown}
 B - 4 potions of invisibility {unknown}

Dungeon Overview and Level Annotations

Branches:
Dungeon (7/15) Zot: 26165  Temple (1/1) D:5 Zot: 5940  Bailey (visited)

Altars:
Cheibriados
Dithmenos
Elyvilon
Fedhas
Gozag
Hepliaklqana
Makhleb
Nemelex Xobeh
Qazlal
Ru
Trog
Uskayaw
Xom
Yredelemnul
Zin
The Shining One

Shops:
D:6 !

Annotations:
D:5 4 transporters, tio's ghost, amateur DsNe
D:7 Joseph

#...#..# .#
#......##..♣.
#....c..#c.~~
#.........♣~@~.~~♣....
#.......g.. ~~~~......
###........ P≈yPg.....
.........# ~≈~~Y♣....
.o.....@.# Y~~~P.....
.....o..## ~~~.~..5..
#.......# ~~~~c.....
####..... P~~~......
##.... .P.P....Y<
....#. ..........
#....## ....###...
#....# ... ###. .. #.


You could see Joseph, 2 centaurs, 2 orc priests and a gnoll.


Message History

The killer bee closely misses you. The killer bee misses you.
You slash the killer bee! You freeze the killer bee.
You kill the killer bee! 😨 HP[+1] Unknown command.
Key pressed, stopping explore.
Done exploring. 😎 HP[+43]
Your hp is fully restored (58).
Unknown command.
Done exploring.
Done exploring.
There is a stone staircase leading down here.
You fly downwards.
The orc priest calls down the wrath of Beogh upon you.
Beogh smites you!
The centaur wields a +0 shortbow.
The centaur shoots an arrow.
The arrow misses you. The orc misses you.
You hear a shout!
There is a stone staircase leading up here. 😕 HP[-11]
You take 11 damage, and now have 47/58 hp.
Unknown command.
The centaur shoots an arrow.
The arrow hits you! The orc barely misses you.
The centaur shoots an arrow.
The arrow hits you!
You fly upwards.
There is a stone staircase leading down here. 😮 HP[-15]
You take 15 damage, and now have 32/58 hp.
MASSIVE DAMAGE!! (PAUSE)
You are too injured to fight recklessly!
You are too injured to fight recklessly!
You hit the orc. You freeze the orc. The orc completely misses you. 😮 HP[+1]
You barely miss the orc. The orc barely misses you.
Unknown command.
You hit the orc. You freeze the orc.
You kill the orc!
Things that are here:
a +0 short sword; a +0 leather armour; an orc corpse Unknown command.
There is a stone staircase leading down here. 😮 HP[+1]
You start resting. 😎 HP[+24]
Your hp is fully restored (58).
Unknown command.
You fly downwards.
The centaur shouts!
The orc closely misses you. The orc barely misses you.
The centaur shoots an arrow.
The arrow hits you.
There is a stone staircase leading up here. 😕 HP[-1]
You take 1 damage, and now have 57/58 hp.
The centaur shoots an arrow.
The arrow barely misses you. The orc hits you with a +0 club.
The orc hits you but does no damage.
The centaur shoots an arrow.
The arrow completely misses you.
You fly upwards.
There is a stone staircase leading down here.
Unknown command.
You hit the orc. You freeze the orc. The orc barely misses you.
The orc closely misses you.
You hit the orc. You freeze the orc.
You kill the orc!
The orc barely misses you. 😎 HP[+1]
Your hp is fully restored (58).
Unknown command.
You hit the orc. You freeze the orc.
The orc hits you with a +0 club. 😕 HP[-1]
You take 1 damage, and now have 57/58 hp.
You slash the orc! You freeze the orc.
You kill the orc!
No target in view!
Things that are here:
a +0 club; a +0 leather armour; 😎 HP[+1]
Your hp is fully restored (58).
No target in view!
There is a stone staircase leading down here.
You start waiting.
Done waiting.
Unknown command.
You fly downwards.
Joseph shouts!
The centaur shoots an arrow.
The arrow hits you!
Joseph unwields a +0 quarterstaff.
Joseph wields a +0 sling.
Joseph shoots a sling bullet.
The sling bullet hits you!!
The orc priest invokes the aid of Beogh against you.
Beogh smites you!
* * * LOW HITPOINT WARNING * * *
There is a stone staircase leading up here. 😨 HP[-36]
You take 36 damage, and now have 22/58 hp.
MASSIVE DAMAGE!! (PAUSE) Joseph shoots a sling bullet.
The sling bullet hits you!!
* * * LOW HITPOINT WARNING * * *
The centaur wields a +0 shortbow.
The centaur shoots an arrow.
The arrow misses you.
The orc priest calls down the wrath of Beogh upon you.
Beogh smites you!
You die...

Skill      XL: |  1  2  3  4  5  6  7  8  9 |
---------------+----------------------------+-----
Long Blades    | 3 4 5 6 7 9 |  9.3
Spellcasting   | 1 |  1.0
Dodging        | 4 6 7 9 |  9.8
Fighting       | |  2.0
Throwing       | |  1.5

Action                   |  1- 3 |  4- 6 |  7- 9 || total
-------------------------+-------+-------+-------++-------
Melee: Long sword        |   100 |    47 |   237 ||   384
       Punch             |     3 |       |     2 ||     5
       Falchion          |       |    71 |   258 ||   329
 Cast: Sting             |     2 |       |       ||     2
  Use: Scroll            |     8 |       |    11 ||    19
       Potion            |       |     3 |     5 ||     8
 Stab: Sleeping          |       |       |     1 ||     1
Armor: Leather armour    |    41 |    44 |   118 ||   203
       Skin              |       |    31 |    22 ||    53
       Robe              |       |       |     7 ||     7
Dodge: Dodged            |    85 |    82 |   520 ||   687

Levels and vault maps discovered:
D:1:      elethiomel_arrival_shortcut, layout_loops_ring,
          basic_ecumenical_altar, chequers_serial_rivers_room_a, minivault_27
D:2:      layout_loops_ring
D:3:      layout_basic, trog_hazing_becter, nicolae_figureground_pulse
D:4:      layout_layer_cave, kennysheep_mini_moat, amcnicky_altar_gilded,
          serial_forest, infiniplex_forest_lined_2, infiniplex_forest_end_1,
          infiniplex_forest_lined_4_way, infiniplex_forest_end_2,
          infiniplex_forest_straight_3, infiniplex_forest_end_1
D:5:      gammafunk_wand_slinger, layout_cave_pools,
          mainiacjoe_overflow_cross_hatched, bloody_makhleb,
          minmay_temple_entry_nine_rooms, gammafunk_ghost_smash
D:6:      layout_basic, serial_shops, shop, uniq_grinder
D:7:      nicolae_whirlpool, layout_cave_pools, enter_bailey_5, st_stairs_6,
          serial_bayou_pond_b, minmay_door_square, uniq_joseph,
          uniq_crazy_yiuf_cottage
Temple:   eino_temple_lava

Notes
Turn   | Place    | Note
-------+----------+-------------------------------------------
     0 | D:1      | ytrimaz the Djinni Gladiator began the quest for the Orb.
     0 | D:1      | Reached XP level 1. HP: 18/18 MP: 0/0
     0 | D:1      | magus.rc [v1.9.6]
    66 | D:1      | Found a faded altar of an unknown god.
   122 | D:1      | Reached skill level 3 in Long Blades
   124 | D:1      | Reached XP level 2. HP: 23/23 MP: 0/0
   282 | D:1      | HP: 4/23 [hobgoblin (3)]
   641 | D:1      | Reached XP level 3. HP: 28/28 MP: 0/0
   641 | D:1      | Learned a level 1 spell: Sting
  1565 | D:3      | Reached XP level 4. HP: 25/33 MP: 0/0
  1571 | D:3      | Reached skill level 4 in Long Blades
  1571 | D:3      | Reached skill level 1 in Spellcasting
  1594 | D:3      | Reached XP level 5. HP: 10/38 MP: 0/0
  1594 | D:3      | Learned a level 2 spell: Passwall
  1594 | D:3      | HP: 9/38 [something/puff of flame (1)]
  1795 | D:3      | Reached skill level 5 in Long Blades
  2301 | D:3      | Found a bloodstained altar of Trog.
  2429 | D:4      | Reached XP level 6. HP: 39/43 MP: 0/0
  2529 | D:4      | Noticed a black bear
  2539 | D:4      | Killed a black bear
  2540 | D:4      | Reached skill level 4 in Dodging
  2605 | D:4      | Found a white marble altar of Elyvilon.
  2859 | D:4      | Reached XP level 7. HP: 39/49 MP: 0/0
  2859 | D:4      | Learned a level 3 spell: Teleport Other
  3034 | D:4      | Found a glowing golden altar of the Shining One.
  3890 | D:5      | Entered Level 5 of the Dungeon
  3899 | D:5      | Reached skill level 5 in Dodging
  3997 | D:4      | Reached skill level 6 in Long Blades
  4144 | D:5      | HP: 12/49 [orc/+0 whip (5)]
  4306 | D:5      | Found a transporter.
  4306 | D:5      | Found a transporter.
  4318 | D:5      | Noticed a kobold demonologist
  4362 | D:5      | HP: 11/49 [adder (2)]
  4377 | D:5      | HP: 2/49 [iguana (13)]
  4711 | D:5      | Reached skill level 6 in Dodging
  4711 | D:5      | Reached XP level 8. HP: 49/54 MP: 0/0
  4815 | D:5      | Identified the +3 great mace "Zekekhoh" {pain, rElec rF+
                  | MP+9 Dex+7}
  4816 | D:5      | Noticed tio's ghost (amateur DsNe)
  4818 | D:5      | Found a transporter.
  4862 | D:5      | Found a transporter.
  4870 | D:5      | Found a stormy altar of Qazlal.
  4969 | D:5      | Found a burning altar of Makhleb.
  5049 | D:5      | Found a staircase to the Ecumenical Temple.
  5217 | Temple   | Entered the Ecumenical Temple
  5512 | D:6      | Reached skill level 7 in Long Blades
  5512 | D:6      | Found Aczuaqor's Distillery.
  5614 | D:6      | Bought a potion of heal wounds for 65 gold pieces
  5614 | D:6      | Bought a potion of haste for 130 gold pieces
  5614 | D:6      | Bought a potion of might for 52 gold pieces
  5614 | D:6      | Bought a potion of lignification for 39 gold pieces
  5622 | D:6      | Noticed Grinder
  5622 | D:6      | Paralysed by Grinder for 4 turns
  5657 | D:6      | Paralysed by Grinder for 5 turns
  5680 | D:6      | HP: 12/54 [Grinder (6)]
  5681 | D:6      | Killed Grinder
  5682 | D:6      | Reached skill level 7 in Dodging
  6728 | D:6      | Reached XP level 9. HP: 43/58 MP: 0/0
  6728 | D:6      | Learned a level 4 spell: Leda's Liquefaction
  6783 | D:6      | Reached skill level 8 in Long Blades
  6783 | D:6      | Reached skill level 8 in Dodging
  6824 | D:7      | Found a flagged portal.
  6974 | Bailey   | Entered a bailey
  7029 | Bailey   | HP: 9/58 [wolf zombie (8)]
  7555 | Bailey   | HP: 13/58 [wolf zombie (3)]
  8119 | Bailey   | HP: 9/58 [orc warrior zombie/+0 halberd (10)]
  8751 | Bailey   | Noticed a gargoyle
  8788 | Bailey   | Killed a gargoyle
  9076 | Bailey   | Reached skill level 9 in Dodging
  9282 | Bailey   | Reached skill level 9 in Long Blades
  9888 | D:6      | HP: 14/58 [killer bee (4)]
 10244 | D:7      | Noticed Joseph
 10245 | D:7      | HP: 3/58 [Joseph/sling bullet (19)]
 10245 | D:7      | Killed from afar by an orc priest

Vanquished Creatures
  A gargoyle (Bailey)
  Grinder (D:6)
  A water moccasin (D:5)
  A black bear (D:4)
  2 ice beasts (D:6)
  A sky beast (D:6)
  3 scorpions (D:5)
  4 killer bees (D:6)
  9 vampire bats (Bailey)
  6 wolf zombies (Bailey)
  A jelly (D:4)
  3 hounds
  2 orc priests
  6 iguanas
  5 orc wizards
  4 gnolls (D:4)
  4 adders
  2 shadow imps
  6 ufetubi
  3 dart slugs
  25 orcs
  7 ball pythons
  7 endoplasms
  5 giant cockroaches
  12 goblins
  8 hobgoblins
  2 jackals (D:1)
  4 quokkas
  6 bats
  A frilled lizard (D:3)
  4 kobolds
  19 orc zombies (Bailey)
  A rat (D:1)
166 creatures vanquished.

Vanquished Creatures (others)
  3 plants (D:7)
3 creatures vanquished.

Grand Total: 169 creatures vanquished

Table legend:
 A = Non-vault XP
 B = Vault XP
 C = Vault XP percentage of total XP
 D = Non-vault monster count
 E = Vault monster count
 F = Vault count percentage of total count
                 A         B        C        D         E       F
            +---------+---------+-------+---------+---------+-------
      Total |    2050 |    1775 |  46.4 |     123 |      43 |  25.9
            +---------+---------+-------+---------+---------+-------
        D:1 |      29 |       0 |   0.0 |      15 |       0 |   0.0
        D:2 |      27 |       0 |   0.0 |      16 |       0 |   0.0
        D:3 |     196 |      11 |   5.3 |      25 |       6 |  19.4
        D:4 |     486 |       0 |   0.0 |      32 |       0 |   0.0
        D:5 |     455 |       0 |   0.0 |       9 |       0 |   0.0
        D:6 |     857 |     409 |  32.3 |      26 |       2 |   7.1
     Bailey |       0 |    1355 | 100.0 |       0 |      35 | 100.0
            +---------+---------+-------+---------+---------+-------

Illustrated notes

Table legend:
 A = Kills in this place as a percentage of kills in entire the game.
 B = Kills by you in this place as a percentage of kills by you in the entire game.
 C = Kills by friends in this place as a percentage of kills by friends in the entire game.
 D = Other kills in this place as a percentage of other kills in the entire game.
 E = Experience gained in this place as a percentage of experience gained in the entire game.
 F = Experience gained in this place divided by the number of levels of this place that you have seen.
                   A       B       C       D       E      F
               +-------+-------+-------+-------+-------+----------------------
         Total | 100.0 | 100.0 |   N/A |   N/A | 100.0 | 425.0
       Dungeon |  78.9 |  78.9 |   N/A |   N/A |  64.6 | 352.9
        Bailey |  21.1 |  21.1 |   N/A |   N/A |  35.4 | 1355.0
               +-------+-------+-------+-------+-------+----------------------

Table legend: (Time is in decaauts)
 A = Elapsed time spent in this place.
 B = Non-inter-level travel time spent in this place.
 C = Inter-level travel time spent in this place.
 D = Time resting spent in this place.
 E = Time spent auto-exploring this place.
 F = Levels seen in this place.
 G = Mean time per level.
                   A        B        C        D        E       F      G
               +--------+--------+--------+--------+--------+-----+--------+
         Total |  10273 |   9943 |    330 |   2032 |   5795 |   9 | 1141.4 |
       Dungeon |   7518 |   7196 |    322 |    845 |   5088 |   7 | 1074.0 |
        Temple |     59 |     51 |      8 |      0 |     43 |   1 |   59.0 |
        Bailey |   2695 |   2695 |      0 |   1187 |    664 |   1 | 2695.0 |
               +--------+--------+--------+--------+--------+-----+--------+

Top non-repeatable levels by time:
  Bailey: 2695 daAuts
     D:4: 2152 daAuts
     D:6: 2066 daAuts
     D:3: 974 daAuts
     D:5: 854 daAuts
     D:1: 755 daAuts
     D:2: 671 daAuts
  Temple: 59 daAuts
     D:7: 43 daAuts
